[Event "33rd Pula Open 2019"]
[Site "Pula"]
[Date "2019.06.24"]
[Round "4.15"]
[White "Grbac, Boris"]
[Black "Cumming, Rhys"]
[Result "0-1"]
[ECO "B22"]
[WhiteElo "2128"]
[BlackElo "2253"]
[Annotator "NA"]
[PlyCount "120"]
[EventDate "2019.06.22"]
[EventType "swiss"]
[EventCountry "CRO"]
[SourceTitle "playchess.com"]
[Source "ChessBase"]
[SourceQuality "1"]
[TimeControl "5400+30"]

1. e4 c5 2. d4 cxd4 3. c3 Nf6 4. e5 Nd5 5. Nf3 e6 6. cxd4 d6 7. Nc3 Nxc3 8. bxc3 Qc7 9. Bd2 Nd7 10. exd6 Bxd6 11. Bd3 b6 12. O-O Bb7 13. Re1 O-O 14. h3 Rac8 15. Qe2 Bf4 16. Rac1 Bxf3 17. gxf3 Nf6 18. Kh1 Nd5 19. c4 Bxd2 20. Qxd2 Qf4 21. Qxf4 Nxf4 22. Bf1 Rfd8 23. Red1 Kf8 24. Kh2 Rc7 25. Rc2 Rcd7 26. Rcd2 Ng6 27. Kg3 Ke7 28. h4 Kf6 29. Bh3 Rc7 30. Rc1 Ne7 31. Kf4 Nc6 32. Ke3 Na5 33. Bf1 Nb7 34. Bd3 Nd6 35. Rdc2 Rdc8 36. c5 Nf5+ 37. Bxf5 Kxf5 38. a4 e5 39. c6 exd4+ 40. Kd3 Kf4 41. Rc4 Kxf3 42. Kxd4 Rd8+ 43. Kc3 f5 44. Kb4 Rd3 45. Kb5 Rd5+ 46. Kb4 Rd3 47. Kb5 Rd5+ 48. Kb4 a5+ 49. Kb3 Rd3+ 50. R1c3 Rxc3+ 51. Kxc3 Kxf2 52. Kd4 Kg3 53. Kd5 f4 54. Kd6 Rc8 55. Kd7 Ra8 56. Kc7 f3 57. Kxb6 f2 58. Rc1 Kxh4 59. Kb7 Rf8 60. c7 g5 0-1

[Event "33rd Pula Open 2019"]
[Site "Pula"]
[Date "2019.06.25"]
[Round "5.1"]
[White "Saric, Ante"]
[Black "Pecnik, Leo"]
[Result "1-0"]
[ECO "A06"]
[WhiteElo "2542"]
[BlackElo "2334"]
[Annotator "ChessBase"]
[PlyCount "77"]
[EventDate "2019.06.22"]
[EventType "swiss"]
[EventCountry "CRO"]
[SourceTitle "playchess.com"]
[Source "ChessBase"]
[SourceQuality "1"]
[TimeControl "5400+30"]

1. Nf3 d5 2. e3 g6 3. c4 Nf6 4. cxd5 Nxd5 5. d4 Bg7 6. Be2 O-O 7. O-O Nc6 8. e4 Nb6 9. Be3 Bg4 10. Nbd2 Qd6 11. d5 Bxf3 12. Nxf3 Ne5 13. Qb3 Ng4 14. Bd2 Nd7 15. Bb4 Qb6 16. h3 Nge5 17. Bxe7 Qxb3 18. axb3 Nxf3+ 19. gxf3 Rfe8 20. Bh4 Nc5 21. Bb5 Reb8 22. Bg3 Nxb3 23. Rad1 Nd4 24. Bd3 Nxf3+ 25. Kg2 Ne5 26. Be2 Re8 27. f4 Nd7 28. Bb5 Red8 29. f5 a6 30. Bc4 Ne5 31. Ba2 Rd6 32. Rc1 Rb6 33. Rxc7 Rxb2+ 34. Rf2 Rxf2+ 35. Bxf2 gxf5 36. exf5 Nd3 37. Bh4 Be5 38. d6 Kh8 39. Rxf7 1-0

[Event "33rd Pula Open 2019"]
[Site "Pula"]
[Date "2019.06.25"]
[Round "5.2"]
[White "Jovanovic, Zoran"]
[Black "Kyc, Jerzy"]
[Result "1-0"]
[ECO "B53"]
[WhiteElo "2503"]
[BlackElo "2279"]
[Annotator "ChessBase"]
[PlyCount "131"]
[EventDate "2019.06.22"]
[EventType "swiss"]
[EventCountry "CRO"]
[SourceTitle "playchess.com"]
[Source "ChessBase"]
[SourceQuality "1"]
[TimeControl "5400+30"]

1. e4 c5 2. Nf3 d6 3. d4 cxd4 4. Qxd4 Bd7 5. Be3 Nf6 6. Nc3 Nc6 7. Qd2 g6 8. h3 Bg7 9. Bd3 O-O 10. O-O Rc8 11. Nd5 e6 12. Nxf6+ Bxf6 13. c3 Qc7 14. Rad1 Rfd8 15. Bg5 Bxg5 16. Qxg5 Kg7 17. Rd2 h6 18. Qe3 e5 19. Bc4 Na5 20. Bd5 Bc6 21. Rfd1 Bxd5 22. Rxd5 Nc4 23. Qe2 Re8 24. b3 Nb6 25. Rxd6 Qxc3 26. h4 Rc6 27. R6d3 Qb4 28. h5 Qc5 29. Nh2 Qc2 30. R3d2 Qc3 31. Ng4 a5 32. hxg6 fxg6 33. Rd3 Qc5 34. Qd2 h5 35. Ne3 Qb4 36. Qxb4 axb4 37. Kh2 Ra8 38. R1d2 Kf6 39. Kh3 Ra5 40. Rd8 Kg5 41. g3 Rc1 42. Rb8 Ra7 43. Re8 Rc5 44. Rd6 Nc8 45. Rd5 Rc6 46. Rexe5+ Kf6 47. g4 Rxa2 48. g5+ Kf7 49. Rd7+ Kf8 50. Kg2 Nd6 51. Kf3 Nf7 52. Rb5 Rc3 53. Rdxb7 Rxb3 54. Rd7 Rbb2 55. Rb8+ Kg7 56. e5 Rxf2+ 57. Ke4 Rad2 58. Re7 b3 59. e6 Rd6 60. exf7 Rxf7 61. Ree8 Rfd7 62. Rxb3 Rd4+ 63. Ke5 Ra4 64. Rbb8 Rda7 65. Nd5 Ra1 66. Rg8+ 1-0

[Event "33rd Pula Open 2019"]
[Site "Pula"]
[Date "2019.06.25"]
[Round "5.5"]
[White "Beletic, Daniel"]
[Black "Bratkovic, Sham"]
[Result "1-0"]
[ECO "D02"]
[WhiteElo "2380"]
[BlackElo "2237"]
[Annotator "NA"]
[PlyCount "177"]
[EventDate "2019.06.22"]
[EventType "swiss"]
[EventCountry "CRO"]
[SourceTitle "playchess.com"]
[Source "ChessBase"]
[SourceQuality "1"]
[TimeControl "5400+30"]

1. d4 d5 2. Bf4 Nf6 3. e3 g6 4. Nd2 Bg7 5. Ngf3 O-O 6. Be2 c5 7. c3 b6 8. b4 Nbd7 9. bxc5 bxc5 10. Qa4 Nh5 11. Bg5 c4 12. O-O f5 13. Qc6 Nb6 14. Ne5 Nf6 15. a4 a5 16. Rfb1 Ra6 17. Qb5 Qd6 18. Bf4 Qe6 19. Nc6 Nbd7 20. Nb8 Nxb8 21. Qxb8 Qc6 22. Qb5 Qa8 23. Be5 Nd7 24. Bf3 e6 25. Bxg7 Kxg7 26. Nxc4 Qa7 27. Na3 Rb6 28. Qd3 Ba6 29. Nb5 Rfb8 30. c4 dxc4 31. Qxc4 Nf6 32. Rc1 Bxb5 33. axb5 Rxb5 34. Qxe6 a4 35. h4 a3 36. Qd6 Ne8 37. Qxa3 Qxa3 38. Rxa3 Rb2 39. Ra8 Rxa8 40. Bxa8 Nd6 41. Rc6 Ne8 42. Re6 Kf7 43. Bd5 Rb1+ 44. Kh2 Rf1 45. Rb6+ Kg7 46. Rb2 Nf6 47. Bf3 h6 48. g3 g5 49. hxg5 hxg5 50. Kg2 Ra1 51. Rb5 Kg6 52. Bb7 Ra2 53. Bc8 f4 54. Bf5+ Kh6 55. Rb6 fxe3 56. Rxf6+ Kg7 57. Rg6+ Kf7 58. g4 Rxf2+ 59. Kg3 Rf4 60. Re6 Rxd4 61. Rxe3 Rb4 62. Rf3 Kg7 63. Bd3 Rb3 64. Bc4 Rb4 65. Bf7 Ra4 66. Bh5 Rb4 67. Rf7+ Kh6 68. Rf6+ Kh7 69. Kf3 Ra4 70. Ke3 Rb4 71. Rd6 Ra4 72. Rd4 Ra1 73. Ke4 Rf1 74. Rd7+ Kh6 75. Rd6+ Kh7 76. Ke5 Rf4 77. Re6 Rf2 78. Rg6 Ra2 79. Rxg5 Ra5+ 80. Kf4 Ra4+ 81. Kg3 Rb4 82. Kh4 Rb1 83. Ra5 Rb6 84. Ra7+ Kh8 85. g5 Rb4+ 86. Bg4 Rb6 87. Kh5 Kg8 88. g6 Rb2 89. Be6+ 1-0

[Event "33rd Pula Open 2019"]
[Site "Pula"]
[Date "2019.06.25"]
[Round "5.6"]
[White "Suta, Andraz"]
[Black "Filipovic, Branko"]
[Result "1-0"]
[ECO "B45"]
[WhiteElo "2195"]
[BlackElo "2371"]
[Annotator "NA"]
[PlyCount "71"]
[EventDate "2019.06.22"]
[EventType "swiss"]
[EventCountry "CRO"]
[SourceTitle "playchess.com"]
[Source "ChessBase"]
[SourceQuality "1"]
[TimeControl "5400+30"]

1. e4 c5 2. Nf3 Nc6 3. d4 cxd4 4. Nxd4 Nf6 5. Nc3 e6 6. Ndb5 Bc5 7. Nd6+ Ke7 8. Bf4 e5 9. Nf5+ Kf8 10. Bg5 d6 11. Bxf6 Qxf6 12. Nd5 Qd8 13. Nfe3 Be6 14. c3 a6 15. Bd3 Ne7 16. Bc2 Ng6 17. g3 h5 18. Qe2 Rc8 19. O-O-O b5 20. Kb1 Rb8 21. f4 Bxe3 22. Qxe3 Bxd5 23. exd5 exf4 24. gxf4 Ne7 25. Rhg1 b4 26. cxb4 Qb6 27. Qc3 f6 28. Qg3 g6 29. Rde1 Qxb4 30. b3 h4 31. Qe3 Rh7 32. Qe6 Qc3 33. Qxd6 Rc8 34. Bxg6 Rg7 35. Rc1 Qh3 36. Qxf6+ 1-0

[Event "33rd Pula Open 2019"]
[Site "Pula"]
[Date "2019.06.25"]
[Round "5.7"]
[White "Boric, Muhamed"]
[Black "Zierke, Oliver"]
[Result "1-0"]
[ECO "D02"]
[WhiteElo "2361"]
[BlackElo "2227"]
[Annotator "NA"]
[PlyCount "85"]
[EventDate "2019.06.22"]
[EventType "swiss"]
[EventCountry "CRO"]
[SourceTitle "playchess.com"]
[Source "ChessBase"]
[SourceQuality "1"]
[TimeControl "5400+30"]

1. Nf3 Nf6 2. g3 d5 3. Bg2 c5 4. O-O Nc6 5. d4 cxd4 6. Nxd4 e5 7. Nxc6 bxc6 8. c4 Be6 9. Qa4 Qd7 10. Nc3 Rc8 11. cxd5 Nxd5 12. Rd1 Nxc3 13. bxc3 Qc7 14. Be3 Be7 15. Qxa7 Qxa7 16. Bxa7 O-O 17. a4 Ra8 18. Bb6 Rfc8 19. a5 Bc4 20. e3 f5 21. Bf1 Bxf1 22. Kxf1 Ra6 23. e4 fxe4 24. Ra4 e3 25. fxe3 Kf7 26. Rd7 Ke6 27. Rb7 h5 28. Ke2 g6 29. Kd3 Bd8 30. Kc4 Be7 31. Ra2 Bd8 32. e4 Rca8 33. Rd2 Bxb6 34. Rxb6 Rxa5 35. Rxc6+ Ke7 36. Rd5 Kf7 37. Rd7+ Kf8 38. Rdd6 Ra4+ 39. Kd5 R8a5+ 40. Ke6 Rxe4 41. Rc8+ Kg7 42. Rd7+ Kh6 43. h4 1-0

[Event "33rd Pula Open 2019"]
[Site "Pula"]
[Date "2019.06.25"]
[Round "5.8"]
[White "Tisaj, Domen"]
[Black "Halfhide, Sebastian"]
[Result "1-0"]
[ECO "E46"]
[WhiteElo "2232"]
[BlackElo "2286"]
[Annotator "NA"]
[PlyCount "101"]
[EventDate "2019.06.22"]
[EventType "swiss"]
[EventCountry "CRO"]
[SourceTitle "playchess.com"]
[Source "ChessBase"]
[SourceQuality "1"]
[TimeControl "5400+30"]

1. d4 Nf6 2. c4 e6 3. Nc3 Bb4 4. e3 O-O 5. Nge2 c6 6. a3 Ba5 7. Bd2 d5 8. Ng3 Nbd7 9. Be2 dxc4 10. Bxc4 e5 11. O-O Bc7 12. dxe5 Nxe5 13. Be2 Bg4 14. h3 Bxe2 15. Ncxe2 Nc4 16. Bc3 Be5 17. Qc2 Bxc3 18. Qxc3 Nb6 19. e4 Re8 20. f3 Nbd7 21. Nf5 Qb6+ 22. Kh1 Qc5 23. Rfd1 Qxc3 24. Nxc3 Nb6 25. b3 g6 26. Nd6 Re7 27. g3 Ne8 28. f4 Rd8 29. Nxe8 Rexe8 30. e5 f5 31. Kg2 Kf7 32. Kf3 Ke6 33. g4 Rf8 34. Ne2 c5 35. b4 fxg4+ 36. hxg4 Nc4 37. Kg3 Nb2 38. Rxd8 Rxd8 39. bxc5 Na4 40. Rc1 g5 41. c6 bxc6 42. Rxc6+ Kd5 43. Ra6 Nc5 44. Rxa7 Ne4+ 45. Kf3 Nd2+ 46. Ke3 Nc4+ 47. Kd3 gxf4 48. Nxf4+ Kc5+ 49. Kc3 Nxe5 50. Ra5+ Kd6 51. Rd5+ 1-0

[Event "33rd Pula Open 2019"]
[Site "Pula"]
[Date "2019.06.25"]
[Round "5.9"]
[White "Purgar, Ivona"]
[Black "Franciskovic, Borka"]
[Result "1/2-1/2"]
[ECO "B15"]
[WhiteElo "2194"]
[BlackElo "2261"]
[Annotator "NA"]
[PlyCount "32"]
[EventDate "2019.06.22"]
[EventType "swiss"]
[EventCountry "CRO"]
[SourceTitle "playchess.com"]
[Source "ChessBase"]
[SourceQuality "1"]
[TimeControl "5400+30"]

1. e4 c6 2. d4 d5 3. Nc3 dxe4 4. Nxe4 Nf6 5. Nxf6+ exf6 6. c3 Bd6 7. Bd3 O-O 8. Ne2 Re8 9. Be3 Nd7 10. Qc2 Nf8 11. O-O Qc7 12. Ng3 Bd7 13. Rfe1 Rad8 14. c4 Bc8 15. a3 h5 16. Nf1 Ne6 1/2-1/2

[Event "33rd Pula Open 2019"]
[Site "Pula"]
[Date "2019.06.25"]
[Round "5.11"]
[White "Fercec, Nenad"]
[Black "Bozinovic, Bogdan"]
[Result "1-0"]
[ECO "B99"]
[WhiteElo "2446"]
[BlackElo "2194"]
[Annotator "NA"]
[PlyCount "73"]
[EventDate "2019.06.22"]
[EventType "swiss"]
[EventCountry "CRO"]
[SourceTitle "playchess.com"]
[Source "ChessBase"]
[SourceQuality "1"]
[TimeControl "5400+30"]

1. e4 c5 2. Nf3 d6 3. d4 cxd4 4. Nxd4 Nf6 5. Nc3 a6 6. Bg5 e6 7. f4 Be7 8. Qf3 h6 9. Bh4 Qc7 10. O-O-O Nbd7 11. Bd3 g5 12. fxg5 Ne5 13. Qe2 Nh7 14. Qh5 hxg5 15. Bg3 Bf6 16. Bb5+ Kf8 17. Rhf1 Qe7 18. Ba4 g4 19. Qh6+ Kg8 20. Qd2 Nc4 21. Qf2 Bg5+ 22. Kb1 Ne3 23. Bxd6 Nxd1 24. Nxd1 Qf6 25. Qg1 Qg6 26. e5 b5 27. Bb3 Bb7 28. Qf2 Re8 29. a4 Nf8 30. g3 Bd8 31. Ne3 Rh7 32. Qe2 Bb6 33. Nxg4 Nd7 34. Rf4 Bd8 35. h4 Nb6 36. axb5 a5 37. Nc6 1-0

[Event "33rd Pula Open 2019"]
[Site "Pula"]
[Date "2019.06.25"]
[Round "5.12"]
[White "Dijkhuis, Oele"]
[Black "Berezjuk, Sergej"]
[Result "0-1"]
[ECO "A01"]
[WhiteElo "2161"]
[BlackElo "2411"]
[Annotator "NA"]
[PlyCount "92"]
[EventDate "2019.06.22"]
[EventType "swiss"]
[EventCountry "CRO"]
[SourceTitle "playchess.com"]
[Source "ChessBase"]
[SourceQuality "1"]
[TimeControl "5400+30"]

1. e3 Nf6 2. b3 e5 3. Bb2 Nc6 4. Bb5 Bd6 5. Nf3 e4 6. Ng1 Be5 7. Bxe5 Nxe5 8. Be2 d5 9. d4 Ng6 10. c4 c6 11. Nc3 Nh4 12. g3 Nf5 13. cxd5 cxd5 14. Bb5+ Kf8 15. h4 Nd6 16. Be2 h5 17. Rc1 g6 18. Qd2 Kg7 19. Nb5 Nxb5 20. Bxb5 Qd6 21. Kf1 Bf5 22. Kg2 Qe6 23. Nh3 Bxh3+ 24. Rxh3 Rac8 25. Rhh1 Qf5 26. Be2 Ng4 27. Bxg4 hxg4 28. Rhe1 g5 29. Rxc8 Qf3+ 30. Kg1 gxh4 31. Qe2 Rxc8 32. Qxf3 gxf3 33. gxh4 Rc2 34. a3 Kg6 35. Rf1 Kh5 36. b4 Kxh4 37. b5 b6 38. Kh2 f5 39. Rh1 f4 40. Kg1+ Kg4 41. Rh7 Rc1+ 42. Kh2 fxe3 43. fxe3 f2 44. Rg7+ Kf3 45. Rg1 fxg1=Q+ 46. Kh3 Qh1# 0-1

[Event "33rd Pula Open 2019"]
[Site "Pula"]
[Date "2019.06.25"]
[Round "5.13"]
[White "Urh, Zala"]
[Black "Grishchenko, Sergey"]
[Result "1-0"]
[ECO "B16"]
[WhiteElo "2127"]
[BlackElo "2411"]
[Annotator "NA"]
[PlyCount "65"]
[EventDate "2019.06.22"]
[EventType "swiss"]
[EventCountry "CRO"]
[SourceTitle "playchess.com"]
[Source "ChessBase"]
[SourceQuality "1"]
[TimeControl "5400+30"]

1. e4 c6 2. d4 d5 3. Nc3 dxe4 4. Nxe4 Nf6 5. Nxf6+ gxf6 6. c3 Qd5 7. Be3 Bf5 8. Nf3 Nd7 9. g3 Nb6 10. Bg2 Qc4 11. Nh4 Bd3 12. Qd2 e5 13. b3 Qa6 14. Rd1 e4 15. f3 f5 16. Bh3 f4 17. Bxf4 Nd5 18. fxe4 Bxe4 19. Rf1 Be7 20. Bf5 Bxf5 21. Nxf5 O-O-O 22. Nxe7+ Nxe7 23. Kf2 Qa5 24. Kg1 Ng6 25. Rde1 Rhe8 26. Bg5 Rxe1 27. Rxe1 Rd5 28. h4 Rf5 29. Qe3 Qd5 30. c4 Qd7 31. h5 h6 32. hxg6 Rxg5 33. Qe8+ 1-0

[Event "33rd Pula Open 2019"]
[Site "Pula"]
[Date "2019.06.25"]
[Round "5.14"]
[White "Biti, Ozren"]
[Black "Blagojevic, Marijan"]
[Result "1/2-1/2"]
[ECO "B24"]
[WhiteElo "2374"]
[BlackElo "2192"]
[Annotator "NA"]
[PlyCount "108"]
[EventDate "2019.06.22"]
[EventType "swiss"]
[EventCountry "CRO"]
[SourceTitle "playchess.com"]
[Source "ChessBase"]
[SourceQuality "1"]
[TimeControl "5400+30"]

1. e4 c5 2. Nc3 a6 3. g3 Nc6 4. Bg2 g6 5. d3 Bg7 6. f4 d6 7. Nf3 Bg4 8. Nd5 Nd4 9. Ne3 Bxf3 10. Bxf3 Nxf3+ 11. Qxf3 Qc7 12. O-O e6 13. Nc4 O-O-O 14. e5 d5 15. Nd6+ Kb8 16. c4 dxc4 17. dxc4 Bf8 18. Ne4 Ne7 19. b3 Nf5 20. Bb2 h5 21. Rad1 Be7 22. Nd6 Rh7 23. Rd3 Ka7 24. Rfd1 Nxd6 25. exd6 Rxd6 26. Rxd6 Bxd6 27. Qd3 Bf8 28. Be5 Qe7 29. Qe3 Qe8 30. Bd6 Bxd6 31. Rxd6 Qc8 32. b4 b6 33. a3 Qc7 34. bxc5 bxc5 35. Qe5 f6 36. Qxe6 Re7 37. Rxa6+ Kb7 38. Rb6+ Qxb6 39. Qxe7+ Ka6 40. Qe4 Qd6 41. Qxg6 h4 42. gxh4 Qxf4 43. h5 Qe3+ 44. Kg2 Qe2+ 45. Kg3 Qe3+ 46. Kg4 Qe2+ 47. Kg3 Qe3+ 48. Kg4 Qe2+ 49. Kf4 Qxh2+ 50. Kf5 Qe5+ 51. Kg4 Qe2+ 52. Kg3 Qe3+ 53. Kg2 Qe2+ 54. Kg3 Qe3+ 1/2-1/2

[Event "33rd Pula Open 2019"]
[Site "Pula"]
[Date "2019.06.25"]
[Round "5.15"]
[White "Roorda, Thijs"]
[Black "Jelen, Igor"]
[Result "0-1"]
[ECO "D77"]
[WhiteElo "2111"]
[BlackElo "2353"]
[Annotator "NA"]
[PlyCount "94"]
[EventDate "2019.06.22"]
[EventType "swiss"]
[EventCountry "CRO"]
[SourceTitle "playchess.com"]
[Source "ChessBase"]
[SourceQuality "1"]
[TimeControl "5400+30"]

1. d4 Nf6 2. Nf3 g6 3. g3 Bg7 4. Bg2 O-O 5. O-O d5 6. c4 dxc4 7. Na3 Nc6 8. Nxc4 Be6 9. b3 a5 10. Bb2 a4 11. Ng5 Bd5 12. e4 Bxc4 13. bxc4 a3 14. Bc3 Nd7 15. Nf3 Nb6 16. Qd3 Nxd4 17. Nxd4 c5 18. Rfd1 cxd4 19. Bxd4 Bxd4 20. Qxd4 Qxd4 21. Rxd4 e5 22. Rd3 Nxc4 23. Rb3 Rfb8 24. Rd1 b5 25. Bf1 Nb2 26. Rd5 b4 27. Rxe5 Na4 28. Bc4 Nc3 29. Re7 Kh8 30. Rxf7 Ra5 31. Rc7 Nxe4 32. Re3 Rc5 33. Rxc5 Nxc5 34. Re5 Rc8 35. Re1 Kg7 36. Rb1 Rb8 37. Kf1 Ne4 38. Rd1 Kf6 39. f4 Rc8 40. Bb3 Rc3 41. Rd7 g5 42. Rb7 Nd2+ 43. Ke2 Nxb3 44. Rb6+ Kf5 45. axb3 Rxb3 46. Rb5+ Ke4 47. Kd2 a2 0-1

[Event "33rd Pula Open 2019"]
[Site "Pula"]
[Date "2019.06.26"]
[Round "6.2"]
[White "Tratar, Marko"]
[Black "Medak, Bojan"]
[Result "1/2-1/2"]
[ECO "A53"]
[WhiteElo "2463"]
[BlackElo "2342"]
[Annotator "ChessBase"]
[PlyCount "87"]
[EventDate "2019.06.22"]
[EventType "swiss"]
[EventCountry "CRO"]
[SourceTitle "playchess.com"]
[Source "ChessBase"]
[SourceQuality "1"]
[TimeControl "5400+30"]

1. d4 d6 2. c4 e5 3. Nc3 exd4 4. Qxd4 Nc6 5. Qd2 Nf6 6. e4 a5 7. Bd3 Ne5 8. Be2 Be6 9. b3 a4 10. f4 Nc6 11. Rb1 axb3 12. axb3 g6 13. Nf3 Bg7 14. O-O O-O 15. Bb2 Re8 16. Rfe1 Qb8 17. h3 Qa7+ 18. Kh2 Qf2 19. Bf1 Qxd2 20. Nxd2 Nd4 21. g4 h6 22. Kg3 Bd7 23. Rbc1 c5 24. Ra1 Bc6 25. Rxa8 Rxa8 26. Ra1 Re8 27. Bd3 g5 28. f5 Nd7 29. Kf2 Be5 30. Ra3 Bf4 31. Nf1 Nf6 32. Nd5 Bxd5 33. exd5 Ne4+ 34. Kg2 h5 35. gxh5 Nf6 36. b4 b6 37. Ra7 Nxh5 38. Bxd4 cxd4 39. Kf3 Ng3 40. f6 Nxf1 41. Bxf1 d3 42. Re7 Kf8 43. Rxe8+ Kxe8 44. Bxd3 1/2-1/2

[Event "33rd Pula Open 2019"]
[Site "Pula"]
[Date "2019.06.26"]
[Round "6.4"]
[White "Suta, Andraz"]
[Black "Boric, Muhamed"]
[Result "0-1"]
[ECO "B03"]
[WhiteElo "2195"]
[BlackElo "2361"]
[Annotator "NA"]
[PlyCount "100"]
[EventDate "2019.06.22"]
[EventType "swiss"]
[EventCountry "CRO"]
[SourceTitle "playchess.com"]
[Source "ChessBase"]
[SourceQuality "1"]
[TimeControl "5400+30"]

1. e4 Nf6 2. e5 Nd5 3. d4 d6 4. c4 Nb6 5. exd6 cxd6 6. Bd3 g6 7. Ne2 Bg7 8. Nbc3 Nc6 9. Be3 O-O 10. O-O e5 11. d5 Nb4 12. c5 N6xd5 13. Bc4 Nxe3 14. fxe3 d5 15. Bxd5 Nxd5 16. Qxd5 Be6 17. Qxb7 Rb8 18. Qxa7 Rxb2 19. Qa3 Qd2 20. Rf2 Bh6 21. Rd1 Rxa2 22. Qb4 Rb2 23. Qa3 Qc2 24. Rc1 Qb3 25. Qxb3 Rxb3 26. Nd1 Rc8 27. Ng3 Rxe3 28. Nxe3 Bxe3 29. Re1 Bxf2+ 30. Kxf2 Rxc5 31. Ne4 Rc2+ 32. Kg3 Kg7 33. Ng5 Bd5 34. Rxe5 Rxg2+ 35. Kf4 h6 36. Rxd5 hxg5+ 37. Kf3 Rxh2 38. Rxg5 f5 39. Rg1 Kf6 40. Ra1 Rb2 41. Kf4 g5+ 42. Kf3 Rb3+ 43. Kf2 g4 44. Ra5 Kg5 45. Rc5 g3+ 46. Kg2 Kg4 47. Rc8 Rb2+ 48. Kg1 f4 49. Ra8 Rb1+ 50. Kg2 f3# 0-1

[Event "33rd Pula Open 2019"]
[Site "Pula"]
[Date "2019.06.26"]
[Round "6.5"]
[White "Zelcic, Robert"]
[Black "Franciskovic, Borka"]
[Result "1-0"]
[ECO "B15"]
[WhiteElo "2518"]
[BlackElo "2261"]
[Annotator "ChessBase"]
[PlyCount "59"]
[EventDate "2019.06.22"]
[EventType "swiss"]
[EventCountry "CRO"]
[SourceTitle "playchess.com"]
[Source "ChessBase"]
[SourceQuality "1"]
[TimeControl "5400+30"]

1. e4 c6 2. d4 d5 3. Nc3 dxe4 4. Nxe4 Nf6 5. Nxf6+ exf6 6. c3 Bd6 7. Bd3 O-O 8. Qc2 Re8+ 9. Ne2 h5 10. O-O h4 11. h3 Nd7 12. Bd2 Nf8 13. Rae1 g6 14. c4 f5 15. b4 Be6 16. Bc3 f4 17. f3 Bc7 18. Kh1 Qd7 19. Nc1 b5 20. d5 cxd5 21. cxd5 Bxd5 22. Qf2 f6 23. Bxf6 Rxe1 24. Rxe1 Bd8 25. Ba1 Bc4 26. Qb2 Qh7 27. Qd4 Rc8 28. Bxc4+ bxc4 29. Re8 Bf6 30. Qd5+ 1-0

[Event "33rd Pula Open 2019"]
[Site "Pula"]
[Date "2019.06.26"]
[Round "6.6"]
[White "Jazdanovs, Aleksandrs"]
[Black "Fercec, Nenad"]
[Result "1/2-1/2"]
[ECO "B80"]
[WhiteElo "2232"]
[BlackElo "2446"]
[Annotator "NA"]
[PlyCount "61"]
[EventDate "2019.06.22"]
[EventType "swiss"]
[EventCountry "CRO"]
[SourceTitle "playchess.com"]
[Source "ChessBase"]
[SourceQuality "1"]
[TimeControl "5400+30"]

1. e4 c5 2. Nc3 d6 3. Nf3 Nf6 4. d4 cxd4 5. Nxd4 a6 6. Be3 e6 7. f3 b5 8. Qd2 Bb7 9. g4 Nfd7 10. O-O-O Nb6 11. Nb3 b4 12. Ne2 a5 13. Nc5 Bc6 14. Nf4 e5 15. Nd5 Nxd5 16. exd5 Bd7 17. Ne4 Be7 18. f4 exf4 19. Bxf4 O-O 20. Bd3 Bxg4 21. Rdg1 Bf3 22. Ng5 Bxg5 23. Bxg5 f6 24. Bh6 Rf7 25. Bxg7 Rxg7 26. Rxg7+ Kxg7 27. Rg1+ Kh8 28. Bxh7 Kxh7 29. Qf4 Bh5 30. Qf5+ Kh6 31. Qf4+ 1/2-1/2

[Event "33rd Pula Open 2019"]
[Site "Pula"]
[Date "2019.06.26"]
[Round "6.7"]
[White "Berezjuk, Sergej"]
[Black "Doncevic, Dario"]
[Result "1-0"]
[ECO "B06"]
[WhiteElo "2411"]
[BlackElo "2230"]
[Annotator "NA"]
[PlyCount "133"]
[EventDate "2019.06.22"]
[EventType "swiss"]
[EventCountry "CRO"]
[SourceTitle "playchess.com"]
[Source "ChessBase"]
[SourceQuality "1"]
[TimeControl "5400+30"]

1. Nf3 g6 2. e4 Bg7 3. d4 d6 4. Bc4 Nf6 5. Qe2 O-O 6. e5 dxe5 7. dxe5 Nd5 8. h3 Be6 9. O-O Nc6 10. Na3 Qc8 11. Bb5 Rd8 12. Re1 Nb6 13. Bg5 h6 14. Bh4 Nd4 15. Nxd4 Rxd4 16. Bxe7 Nd5 17. Bc5 Rh4 18. Qf3 Rh5 19. Bf1 Rf5 20. Qd1 Rg5 21. h4 Rxe5 22. Rxe5 Bxe5 23. Bd4 Bxd4 24. Qxd4 c5 25. Qd2 Qd8 26. Qxh6 Qf6 27. c3 Ne7 28. Bc4 Rd8 29. Re1 Nf5 30. Qg5 Qxg5 31. hxg5 Rd2 32. Bxe6 fxe6 33. Nc4 Rc2 34. Rxe6 b5 35. Rxg6+ Kh7 36. Rf6 Ng7 37. Ne3 Rxb2 38. Ra6 Rb1+ 39. Kh2 Rc1 40. Rxa7 Kg6 41. Ra5 Rxc3 42. Rxb5 Kxg5 43. f4+ Kh5 44. Nd5 Rc2 45. Nf6+ Kg6 46. Ne4 c4 47. Rg5+ Kf7 48. Nd6+ Ke7 49. Nxc4 Ne6 50. Re5 Rxc4 51. f5 Kf6 52. Rxe6+ Kxf5 53. Ra6 Kg4 54. a4 Rc2 55. a5 Kg5 56. Ra8 Ra2 57. a6 Kg6 58. Kg3 Ra4 59. Kf3 Kg7 60. Ke3 Ra2 61. Ra7+ Kg6 62. Kd4 Rxg2 63. Rc7 Ra2 64. Rc6+ Kf7 65. Kc5 Ke7 66. Kb6 Kd7 67. Kb7 1-0

[Event "33rd Pula Open 2019"]
[Site "Pula"]
[Date "2019.06.26"]
[Round "6.8"]
[White "Zufic, Miroslav"]
[Black "Rubil, Marko"]
[Result "1/2-1/2"]
[ECO "D02"]
[WhiteElo "2380"]
[BlackElo "2226"]
[Annotator "NA"]
[PlyCount "45"]
[EventDate "2019.06.22"]
[EventType "swiss"]
[EventCountry "CRO"]
[SourceTitle "playchess.com"]
[Source "ChessBase"]
[SourceQuality "1"]
[TimeControl "5400+30"]

1. Nf3 d5 2. g3 g6 3. Bg2 Bg7 4. d4 Nh6 5. O-O Nf5 6. c3 Nd6 7. Bf4 Nd7 8. Qc1 O-O 9. Bh6 Bxh6 10. Qxh6 f6 11. Nfd2 c6 12. e4 Qb6 13. exd5 Qxb2 14. Nb3 cxd5 15. Bxd5+ Kh8 16. Qe3 e5 17. Qd2 Qxd2 18. N1xd2 Nb6 19. Bg2 exd4 20. cxd4 Be6 21. Rac1 Rf7 22. Rfe1 Bd5 23. Rc5 1/2-1/2

[Event "33rd Pula Open 2019"]
[Site "Pula"]
[Date "2019.06.26"]
[Round "6.9"]
[White "Jelen, Igor"]
[Black "Urh, Zala"]
[Result "1/2-1/2"]
[ECO "E53"]
[WhiteElo "2353"]
[BlackElo "2127"]
[Annotator "NA"]
[PlyCount "85"]
[EventDate "2019.06.22"]
[EventType "swiss"]
[EventCountry "CRO"]
[SourceTitle "playchess.com"]
[Source "ChessBase"]
[SourceQuality "1"]
[TimeControl "5400+30"]

1. d4 Nf6 2. c4 e6 3. Nc3 Bb4 4. e3 O-O 5. Bd3 d5 6. Nf3 b6 7. O-O Bb7 8. cxd5 exd5 9. Ne5 c5 10. f4 Nc6 11. Ne2 Rc8 12. a3 Ba5 13. Ng3 c4 14. Bc2 b5 15. Nh5 Rc7 16. Kh1 Nxh5 17. Qxh5 g6 18. Qh6 f6 19. Nf3 Qe7 20. g4 Qg7 21. Qh3 Re7 22. g5 fxg5 23. Nxg5 Bc8 24. Qg2 Rd8 25. Bd2 Bxd2 26. Qxd2 Qf6 27. Nf3 Bf5 28. Ne5 Rc7 29. Rf2 Rb8 30. Rg1 b4 31. Nxc6 Rxc6 32. axb4 Rcb6 33. Rg5 Bxc2 34. Qxc2 Rxb4 35. Rxd5 Qc6 36. e4 Qa6 37. Qc1 c3 38. Qxc3 Rxb2 39. Rd8+ Rxd8 40. Qxb2 Qc4 41. Qa2 Qxa2 42. Rxa2 Rxd4 43. f5 1/2-1/2

[Event "33rd Pula Open 2019"]
[Site "Pula"]
[Date "2019.06.26"]
[Round "6.10"]
[White "Pecnik, Leo"]
[Black "Purgar, Ivona"]
[Result "1-0"]
[ECO "B30"]
[WhiteElo "2334"]
[BlackElo "2194"]
[Annotator "NA"]
[PlyCount "99"]
[EventDate "2019.06.22"]
[EventType "swiss"]
[EventCountry "CRO"]
[SourceTitle "playchess.com"]
[Source "ChessBase"]
[SourceQuality "1"]
[TimeControl "5400+30"]

1. e4 c5 2. Nf3 e6 3. d3 Nc6 4. g3 d6 5. Bg2 Nf6 6. O-O Be7 7. Re1 O-O 8. c3 e5 9. h3 h6 10. d4 cxd4 11. cxd4 Qb6 12. d5 Na5 13. b3 Bd7 14. Be3 Qa6 15. a4 b6 16. Nbd2 Qc8 17. Rc1 Qd8 18. Nh4 Rc8 19. Qf3 Re8 20. Bf1 Rxc1 21. Rxc1 Nb7 22. b4 Qb8 23. Nf5 Bxf5 24. Qxf5 g6 25. Qf3 Kg7 26. Ba6 Rc8 27. Nc4 Rc7 28. Na3 Rxc1+ 29. Bxc1 Qc7 30. Qe3 Nd8 31. Bd2 h5 32. Kg2 Nh7 33. Qc3 Qd7 34. Nb5 Bg5 35. f4 Bf6 36. Qc7 Qxc7 37. Nxc7 exf4 38. gxf4 g5 39. Ne8+ Kf8 40. Nxd6 gxf4 41. Bxf4 Bc3 42. Nc8 Bxb4 43. Bh6+ Kg8 44. Nxa7 f6 45. Nc6 Nxc6 46. dxc6 Bd6 47. Bc4+ Kh8 48. h4 Ng5 49. hxg5 Kh7 50. Bf8 1-0